 Dungeon Crawl Stone Soup version 0.23.0 (webtiles) character file.

Game seed: 1933018859545922466

858 goblindog the Cudgeler (level 7, -13/68 HPs)
             Began as a Troll Fighter on Feb 17, 2019.
             Was an Initiate of Dithmenos.
             Engulfed by a cloud of flame (21 damage)
             ... on level 6 of the Dungeon.
             The game lasted 00:26:58 (3459 turns).

goblindog the Cudgeler (Troll Fighter)              Turns: 3459, Time: 00:27:01

Health: -13/68     AC:  5    Str: 25    XL:     7   Next: 71%
Magic:  6/6        EV:  8    Int:  4    God:    Dithmenos [......]
Gold:   306        SH:  9    Dex: 11    Spells: 6/6 levels left

rFire    . . .     SeeInvis .   n - +3 mace (holy)
rCold    . . .     Gourm    +   b - +0 shield
rNeg     . . .     Faith    .   r - +0 robe
rPois    .         Spirit   .   (helmet restricted)
rElec    .         Reflect  .   (no cloak)
rCorr    .         Harm     .   (gloves unavailable)
MR       .....     Clarity  +   (boots unavailable)
Stlth    +.........             (no amulet)
HPRegen  0.61/turn              t - +1 ring of slaying
MPRegen  0.10/turn              (no ring)

@: heavily drained
A: large, unfitting armour, claws 3, blink, clarity, deformed body, fast
metabolism 3, gourmand, regeneration 1, shaggy fur 1, tough skin 3, MP-powered
wands
a: Blink, Renounce Religion


You were on level 6 of the Dungeon.
You worshipped Dithmenos.
Dithmenos was noncommittal.
You were very full.

You visited 2 branches of the dungeon, and saw 7 of its levels.

You collected 306 gold pieces.

Inventory:

Hand Weapons
 f - a +0 club
 i - a +0 long sword of flaming
 j - a +0 dagger of venom
 n - a +3 mace of holy wrath (weapon)
Armour
 a - a +0 robe
 b - a +0 shield (worn)
 d - a +1 helmet
 r - a +0 robe (worn)
 u - a +0 chain mail
 C - a +2 ring mail of cold resistance
Jewellery
 t - a +1 ring of slaying (left claw)
Wands
 l - a wand of iceblast (11)
 x - a wand of enslavement (9)
 z - a wand of digging (5)
Scrolls
 k - 2 scrolls of teleportation
 o - a scroll of identify
 p - a scroll of summoning {unknown}
 q - a scroll of magic mapping
 s - a scroll of enchant armour
 w - 5 scrolls of remove curse
 B - a scroll of fear {unknown}
Potions
 c - a potion of might
 e - a potion of agility {unknown}
 h - a potion of lignification {unknown}
 m - a potion of heal wounds {unknown}
 v - a potion of haste


   Skills:
 + Level 3.8(2.5) Fighting
 + Level 0.3(0.0) Short Blades
 + Level 0.6(0.0) Long Blades
 + Level 4.3(3.0) Maces & Flails
 + Level 4.0(2.8) Dodging
 + Level 0.7(0.0) Stealth
 + Level 4.0(2.8) Shields
 + Level 2.3(1.2) Unarmed Combat


You had 6 spell levels left.
You didn't know any spells.
Your spell library was empty.

Dungeon Overview and Level Annotations

Branches:
Dungeon (6/15)             Temple (1/1) D:4

Altars:
Cheibriados
Dithmenos
Elyvilon
Fedhas
Gozag
Nemelex Xobeh
Qazlal
Sif Muna
Trog
Vehumet
Wu Jian
Xom
Yredelemnul
Zin
The Shining One


Innate Abilities, Weirdness & Mutations

You are too large for most types of armour.
You have claws for hands.
Your metabolism is lightning-fast.
You like to eat raw meat.
Your natural rate of healing is unusually fast.
You are covered in fur. (AC +1)
You have extremely tough skin. (AC +3)
You can translocate small distances at will.
You possess an exceptional clarity of mind.
Armour fits poorly on your strangely shaped body.
You expend magic power (3 MP) to strengthen your wands.


Message History

The creatures around you are filled with an inner flame!
The worker ant twitches its antennae in your direction.
You hit the orc wizard.
The orc wizard is moderately wounded.
The orc hits you with a +0 flail.
The orc priest looks braver for a moment.
You sock the orc wizard!
The orc wizard explodes!
The fiery explosion engulfs you!!
The fiery explosion engulfs the orc priest!!
The orc priest explodes!
The fiery explosion engulfs the orc!!
The orc explodes!
The fiery explosion engulfs you!!
* * * LOW HITPOINT WARNING * * *
The fiery explosion engulfs the orc!!
The orc explodes!
Dithmenos accepts your kill. x4
You are engulfed in blazing flames.
You die...

.. . . .## #
#.#.. .#
#.#.#####.##
......#...
#...... #
#..#§#§.###
#####<.@§§§...#
#......#§§..#.#
#....a.#§§.....
#......#§#..%..
#...........#..
#.....##.# .# .
####### ?# # ..
..


You could see a worker ant (inner flame).

Vanquished Creatures
  An ice beast (D:5)
  An ogre (D:5)
  A scorpion (D:5)
  3 wights
  4 orc priests
  A hound (D:5)
  3 orc wizards
  An iguana (D:5)
  Natasha (D:2)
  2 worker ants
  A hound zombie (D:5)
  A hound skeleton (D:5)
  A howler monkey skeleton (D:4)
  5 adders
  An ooze (D:2)
  A worm (D:2)
  2 dart slugs
  5 leopard geckos
  6 orcs
  5 giant cockroaches
  5 goblins
  5 hobgoblins
  13 jackals
  A quokka (D:4)
  8 bats
  11 frilled lizards
  6 kobolds
  A leopard gecko zombie (D:5)
  8 rats
104 creatures vanquished.

Notes
Turn   | Place    | Note
-------+----------+-------------------------------------------
     0 | D:1      | goblindog the Troll Fighter began the quest for the Orb.
     0 | D:1      | Reached XP level 1. HP: 22/22 MP: 0/0
    65 | D:1      | Reached XP level 2. HP: 26/29 MP: 1/1
   544 | D:2      | Found a radiant altar of Vehumet.
   560 | D:2      | Reached XP level 3. HP: 36/36 MP: 2/2
   756 | D:2      | Gained mutation: Armour fits poorly on your strangely
                  | shaped body. [potion of mutation]
   756 | D:2      | Gained mutation: You can translocate small distances at
                  | will. [potion of mutation]
   756 | D:2      | Gained mutation: You expend magic power (3 MP) to
                  | strengthen your wands. [potion of mutation]
   756 | D:2      | Gained mutation: You possess an exceptional clarity of
                  | mind. [potion of mutation]
  1092 | D:2      | Reached XP level 4. HP: 30/45 MP: 3/3
  1122 | D:2      | Noticed Natasha
  1137 | D:2      | Killed Natasha
  1324 | D:3      | Found a blossoming altar of Fedhas.
  1356 | D:3      | Reached skill level 1 in Maces & Flails
  1537 | D:3      | Found a snail-covered altar of Cheibriados.
  1746 | D:4      | Found an opulent altar of Gozag.
  1749 | D:4      | Reached XP level 5. HP: 45/53 MP: 4/4
  2109 | D:4      | Found a staircase to the Ecumenical Temple.
  2188 | Temple   | Entered the Ecumenical Temple
  2278 | Temple   | Became a worshipper of Dithmenos the Shadowed
  2330 | D:5      | Entered Level 5 of the Dungeon
  2548 | D:5      | Reached XP level 6. HP: 61/61 MP: 5/5
  2724 | D:5      | Noticed an ice beast
  2741 | D:5      | Killed an ice beast
  2797 | D:5      | Found a stormy altar of Qazlal.
  3039 | D:5      | Reached XP level 7. HP: 66/67 MP: 6/6
  3459 | D:6      | Engulfed by a cloud of flame

Skill      XL: |  1  2  3  4  5  6  7 |
---------------+----------------------+-----
Dodging        | 3 4 |  4.0
Fighting       | 3 |  3.8
Maces & Flails | 1 2 3 4 |  4.3
Shields        | 3 4 |  4.0
Short Blades   | |  0.3
Long Blades    | |  0.6
Stealth        | |  0.7
Unarmed Combat | |  2.3

Action                   |  1- 3 |  4- 6 |  7- 9 || total
-------------------------+-------+-------+-------++-------
Melee: Unarmed           |    51 |       |       ||    51
       Dagger            |    46 |       |       ||    46
       Mace              |    36 |   156 |    41 ||   233
       Long sword        |       |    14 |       ||    14
  Use: Scroll            |     5 |     5 |     3 ||    13
       Potion            |     5 |       |     2 ||     7
 Stab: Sleeping          |     2 |       |       ||     2
  Eat: Ration            |     2 |     5 |     2 ||     9
       Chunk             |       |     6 |       ||     6
Armor: Robe              |    63 |    66 |    13 ||   142
Dodge: Dodged            |    50 |    69 |    18 ||   137
Block: Shield            |    47 |   108 |    24 ||   179
